 Dungeon Crawl Stone Soup version 0.29.1-13-g9f3cf754e1 (webtiles) character file.

Game seed: 14210336248125472335

63048 croobank the Fighter (level 14, -9/113 HPs)
             Began as a Demonspawn Delver on Jan 19, 2023.
             Was an Initiate of Gozag.
             Killed from afar by Azrael (27 damage)
             ... with damnation
             ... on level 1 of the Orcish Mines.
             The game lasted 01:40:08 (28833 turns).

croobank the Fighter (Demonspawn Delver)           Turns: 28833, Time: 01:40:09

Health: -9/113     AC: 12    Str: 12    XL:     14   Next: 66%
Magic:  28/28      EV: 18    Int: 22    God:    Gozag
Gold:   3451       SH:  0    Dex: 20    Spells: 21/33 levels left

rFire   + + .      SeeInvis .   P - +3 broad axe (spect)
rCold   + + .      Faith    .   (no shield)
rNeg    . . .      Spirit   .   d - +3 leather armour {rC+ rF+}
rPois   +          Reflect  .   (helmet unavailable)
rElec   .          Harm     .   j - scarf {rC+ rF+}
rCorr   .          Rampage  .   (no gloves)
Will    ++...                   e - +1 pair of boots of Divine Compulsion {Contam rPois Stlth+}
Stlth   ++++......              (no amulet)
HPRegen 0.28/turn               S - ring of willpower
MPRegen 0.21/turn               i - ring "Jyodee" {Int+6 Dex+4}

@: gold aura
A: horns 3, slimy green scales 3, foul stench 3, powered by pain 1
a: Renounce Religion, Potion Petition, Call Merchant, Bribe Branch


You were on level 1 of the Orcish Mines.
You worshipped Gozag.
Gozag was most pleased with you.
You visited 4 branches of the dungeon, and saw 20 of its levels.
You visited 1 bazaar.
You also visited: Ice Cave.

You collected 6128 gold pieces.
You spent 2038 gold pieces at shops.
You paid 639 gold pieces to Gozag.

Inventory:

Hand Weapons
 a - the +7 quarterstaff "Citobext" {spect, rF- Int+4 Dex+2}
   (You found it on level 4 of the Dungeon)

   When its wielder attacks, the weapon's spirit leaps out and strikes again.
   The spirit shares a part of any damage it takes with its wielder.
   Int:       It affects your intelligence (+4).
   Dex:       It affects your dexterity (+2).
   rF:        It makes you vulnerable to fire.
 b - the +6 sling of the Realm of Zot {flame, rN+}
   (You bought it in a shop on level 2 of the Dungeon)

   Any ammunition fired from it burns those it strikes, dealing additional fire
   damage.
   rN:        It protects you from negative energy.
 w - the +9 quarterstaff "Yhikifaq" {speed, +Blink rF+ rCorr}
   (You found it on level 12 of the Dungeon)

   Attacks with this weapon are significantly faster.
   rF:        It protects you from fire.
   +Blink:    It lets you blink.
   rCorr:     It protects you from acid and corrosion.
 y - a +3 glaive
 O - a +0 hand axe of flaming
 P - a +3 spectral broad axe (weapon)
 Z - a +4 dagger
Missiles
 G - 5 silver javelins
 I - 56 poisoned darts (quivered)
 Q - 11 javelins
 U - 13 curare-tipped darts
 W - 5 throwing nets
Armour
 d - a +3 leather armour of resistance (worn)
 e - the +1 pair of boots of Divine Compulsion (worn) {Contam rPois Stlth+}
   (You bought it in a shop on level 12 of the Dungeon)

   rPois:     It protects you from poison.
   Contam:    It causes magical contamination when unequipped.
   Stlth:     It makes you more stealthy.
 g - the +1 ring mail "Xysipp" {Harm}
   (You bought it in a shop in a bazaar)

   Harm:      It increases damage dealt and taken.
 j - a scarf of resistance (worn)
 E - a +4 ring mail
 M - a +3 leather armour of cold resistance
Jewellery
 c - a +4 ring of evasion
 i - the ring "Jyodee" (right hand) {Int+6 Dex+4}
   (You bought it in a shop in a bazaar)

   [ring of intelligence]

   Int:       It affects your intelligence (+6).
   Dex:       It affects your dexterity (+4).
 D - a ring of wizardry
 L - a +6 ring of dexterity
 S - a ring of willpower (left hand)
Wands
 f - a wand of digging (10)
 k - a wand of flame (35)
 p - a wand of mindburst (28)
 x - a wand of polymorph (7)
 F - a wand of light (14)
 J - a wand of charming (13)
 Y - a wand of iceblast (17)
Scrolls
 l - 4 scrolls of summoning
 o - 3 scrolls of magic mapping
 q - 5 scrolls of teleportation
 u - a scroll of fog
 v - a scroll of fear
 A - a scroll of silence
 K - a scroll of immolation
 N - 4 scrolls of identify
 R - 3 scrolls of vulnerability
 V - 6 scrolls of amnesia
 X - 2 scrolls of butterflies
Potions
 h - a potion of flight
 m - 2 potions of cancellation
 n - 2 potions of might
 r - a potion of resistance
 s - a potion of brilliance
 t - 5 potions of curing
 z - 2 potions of magic
 B - 3 potions of ambrosia
 C - 5 potions of mutation
 H - 2 potions of lignification
 T - 2 potions of attraction


   Skills:
 + Level 11.6 Fighting
 - Level 0.2 Short Blades
 + Level 9.8 Staves
 - Level 5.0 Armour
 + Level 10.4 Dodging
 - Level 5.0 Stealth
 - Level 2.1 Unarmed Combat
 + Level 10.4 Spellcasting
 - Level 3.0 Conjurations
 + Level 8.1 Hexes
 + Level 8.2 Summonings
 - Level 3.4 Transmutations
 - Level 3.0 Air Magic
 - Level 3.0 Poison Magic


You had 21 spell levels left.
You knew the following spells:

 Your Spells              Type           Power      Damage    Failure   Level
a - Magic Dart            Conj           100%       1d8       1%          1
b - Mephitic Cloud        Conj/Pois/Air  24%        N/A       6%          3
c - Wereblood             Tmut           26%        N/A       2%          2
d - Summon Guardian Gole  Hex/Summ       47%        N/A       1%          3
e - Call Canine Familiar  Summ           47%        N/A       1%          3

Your spell library contained the following spells:

 Spells                   Type           Power      Damage    Failure   Level
 Summon Small Mammal      Summ           100%       N/A       1%          1
 Call Imp                 Summ           47%        N/A       1%          2
 Poisonous Vapours        Pois/Air       48%        N/A       3%          2
 Sublimation of Blood     Necr           11%        N/A       11%         2
 Gell's Gravitas          Tloc           11%        N/A       22%         3
 Lesser Beckoning         Tloc           11%        N/A       22%         3
 Teleport Other           Tloc           11%        N/A       22%         3
 Freezing Cloud           Conj/Ice/Air   10%        6-21      65%         5
 Summon Hydra             Summ           23%        N/A       91%         7
 Polar Vortex             Ice            5%         N/A       100%        9
 Corpse Rot               Necr/Pois/Air  Unusable   N/A       N/A         4
 Simulacrum               Ice/Necr       Unusable   N/A       N/A         6

Dungeon Overview and Level Annotations

Branches:
Dungeon (12/15)            Temple (1/1) D:6            Lair (5/5) D:8
 Shoals (0/4) Lair:3        Snake (0/4) Lair:2        Slime (0/5) Lair:4
    Orc (2/2) D:10          IceCv (visited)
    Elf: Orc:2

Altars:
Ashenzari
Cheibriados
Dithmenos
Fedhas
Gozag
Hepliaklqana
Kikubaaqudgha
Makhleb
Nemelex Xobeh
Okawaru
Qazlal
Ru
Sif Muna
Trog
Uskayaw
Vehumet
Wu Jian
Xom
Yredelemnul

Shops:
D:2 (*:   D:11 ?   D:12 ![

Annotations:
D:2 1 runed translucent door, Crazy Yiuf
D:5 3 runed translucent doors, Maria's ghost, novice DrTm; coldfrog's ghost, amateur KoBr; concernfroge's ghost, amateur FeTm; xian's ghost, novice DsAE
Lair:4 exclusion: 4 oklob plants
Orc:1 Azrael


Innate Abilities, Weirdness & Mutations

You have a pair of large horns on your head.
You are completely covered in slimy green scales. (AC +4, rPois)
You frequently emit foul miasma when damaged in melee.
You sometimes gain a little power by taking damage.


Message History

Azrael barely misses you.
The ogre is engulfed in noxious fumes.
The ogre appears confused.
The hell hound misses you.
You climb upwards.
There is a stone staircase leading down here.
You slash Azrael! You headbutt Azrael.
Azrael is moderately wounded.
You barely miss the hell hound.
Your +3 spectral broad axe misses the hell hound.
The hell hound barely misses you. Azrael closely misses you.
The hell hound misses you. Azrael completely misses you.
You hit Azrael.
Azrael is heavily wounded.
You miss the hell hound.
Your +3 spectral broad axe barely misses the hell hound.
The hell hound breathes flames at you. The blast of flame hits you. You resist.
Azrael hits you with a +4 scimitar of flaming!
You emit a cloud of foul miasma!
The hell hound closely misses you.
You hit Azrael but do no damage. You headbutt Azrael!
Azrael is heavily wounded.
You hit the hell hound.
Your +3 spectral broad axe hits the hell hound!
You kill the hell hound!
Azrael gestures at you.
The sphere of damnation explodes!
The damnation engulfs you!!
* * * LOW HITPOINT WARNING * * *
The damnation engulfs Azrael.
Azrael completely resists.
The damnation engulfs your +3 spectral broad axe!!
Your spectral weapon shares its damage with you!
Your +3 spectral broad axe fades away.
* * * LOW HITPOINT WARNING * * *
Azrael closely misses you.
You hit Azrael.
Azrael is heavily wounded.
Your +3 spectral broad axe barely misses Azrael.
Azrael closely misses you. Azrael gestures at you.
The sphere of damnation explodes!
The damnation engulfs you!!
You die...
Your body crumbles into a pile of gold.

#..##.#...#...........#..#.##.##
#........##....................#
#.......####.......#........#.##
##......###.#................##
#....#...#................#.##
....))....#................##
...)......................##
.#..............(R.......##
##..........#..)@).......##
#.......#####...(ยง...##...#
.#..#..####.##...........##
......##(..(##...........#
.#..#.##...(###.........##
....####^.((.^##.........##
...## #(...(.#......#....# .###
##..(#.........#..## ##
##.##........#....##


You could see Azrael and a friendly +3 spectral broad axe (summoned).

Vanquished Creatures
  Harold (Lair:2)
  6 hydras
  A catoblepas (Lair:5)
  Erolcha (D:11)
  5 death yaks
  Urug (D:11)
  A goliath frog (Lair:5)
  An orc sorcerer (Orc:1)
  An ugly thing (D:11)
  13 elephants
  2 cyclopes
  7 black mambas
  A merfolk siren (Lair:3)
  An ice statue (IceCv)
  18 cane toads
  A gargoyle (D:12)
  2 torpor snails (Lair:4)
  3 rime drakes
  2 kobold demonologists (D:11)
  An unseen horror (D:12)
  10 komodo dragons
  3 polar bears
  3 trolls
  31 blink frogs
  3 tyrant leeches
  2 shadows (D:9)
  51 yaks
  8 wyverns
  2 basilisks (Lair:3)
  3 fire elementals
  5 vampire mosquitoes (Lair:5)
  4 death yak simulacra (IceCv)
  A naga (Lair:2)
  A warg (D:10)
  2 hell hounds (Orc:1)
  Duvessa (D:4)
  7 orc warriors
  13 water moccasins
  An acid dragon (D:10)
  2 ice beasts
  A sky beast (D:8)
  4 black bears
  4 ogres
  5 wolves (Lair:3)
  4 centaurs
  A phantom (D:5)
  7 kobold brigands
  17 bullfrogs
  Blork the orc (D:6)
  4 scorpions
  A necrophage (D:4)
  A gnoll sergeant (D:9)
  2 cane toad simulacra (IceCv)
  2 two-headed ogre simulacra (IceCv)
  3 wights (D:8)
  Dowan (D:4)
  An elephant simulacrum (IceCv)
  A howler monkey (D:10)
  8 electric eels
  11 orc priests
  5 hounds
  2 gnoll boudas
  5 jellies
  An iguana (D:6)
  Natasha (thrice) (D:4)
  19 orc wizards
  2 troll simulacra (IceCv)
  17 gnolls
  3 naga simulacra (IceCv)
  6 adders
  2 shadow imps
  4 white imps
  3 ufetubi (IceCv)
  A worm (D:2)
  3 dart slugs
  52 orcs
  4 endoplasms
  3 giant cockroaches (D:2)
  6 goblins
  10 hobgoblins
  18 jackals
  4 quokkas
  2 ball pythons
  4 bats
  4 frilled lizards
  35 kobolds
  6 rats
525 creatures vanquished.

Vanquished Creatures (collateral kills)
  3 dream sheep (Lair:5)
3 creatures vanquished.

Vanquished Creatures (others)
  A hydra (Lair:2)
  8 skeletal warriors (D:12)
  A cane toad (Lair:1)
  A freezing wraith (IceCv)
  An ice devil (IceCv)
  4 dream sheep (Lair:5)
  A yak (Lair:3)
  3 death yak simulacra (IceCv)
  A hydra simulacrum (IceCv)
  2 two-headed ogre simulacra (IceCv)
  An elephant simulacrum (IceCv)
  2 spriggan simulacra (IceCv)
  A troll simulacrum (IceCv)
  A wolf simulacrum (IceCv)
  5 naga simulacra (IceCv)
  2 white imps (IceCv)
  2 ufetubi (IceCv)
  2 orcs (D:6)
  62 fungi
  167 plants
268 creatures vanquished.

Grand Total: 796 creatures vanquished

Notes
Turn   | Place    | Note
-------+----------+-------------------------------------------
     0 | D:5      | croobank the Demonspawn Delver began the quest for the Orb.
     0 | D:5      | Reached XP level 1. HP: 18/18 MP: 1/1
     5 | D:5      | Noticed a necrophage
   102 | D:6      | Noticed a hound
   105 | D:6      | Noticed Blork the orc
   106 | D:6      | Noticed a scorpion
   109 | D:6      | Noticed an iguana
   122 | D:6      | Noticed a hound
   125 | D:6      | Noticed an orc priest
   125 | D:6      | Noticed an orc priest
   138 | D:5      | Noticed an ogre
   155 | D:4      | Noticed a scorpion
   381 | D:2      | Gained mutation: You are partially covered in slimy green
                  | scales. (AC +2) [demonic ancestry]
   381 | D:2      | Reached XP level 2. HP: 19/24 MP: 2/2
  1040 | D:2      | Reached XP level 3. HP: 12/29 MP: 3/3
  1044 | D:2      | Reached skill level 5 in Stealth
  1425 | D:2      | Learned a level 1 spell: Magic Dart
  2156 | D:2      | Found Kuphuutz's Book Boutique.
  2332 | D:2      | Gained mutation: You may rarely emit foul miasma when
                  | damaged in melee. [demonic ancestry]
  2332 | D:2      | Reached XP level 4. HP: 33/35 MP: 3/5
  2351 | D:2      | Found Weam's Antique Weapon Emporium.
  2363 | D:2      | Found Vantuas's General Store.
  2488 | D:2      | Reached skill level 1 in Spellcasting
  2488 | D:2      | Reached skill level 1 in Conjurations
  2496 | D:2      | Bought a fading sling for 104 gold pieces
  2496 | D:2      | Identified the +6 sling of the Realm of Zot {flame, rN+}
                  | (You bought it in a shop on level 2 of the Dungeon)
  2645 | D:2      | Found a runed translucent door.
  2646 | D:2      | Noticed Crazy Yiuf
  3006 | D:3      | Found a faded altar of an unknown god.
  3048 | D:3      | Found a bloodstained altar of Trog.
  3241 | D:3      | Reached XP level 5. HP: 41/41 MP: 5/7
  3249 | D:3      | Learned a level 3 spell: Mephitic Cloud
  3685 | D:4      | Noticed Duvessa
  3689 | D:4      | Noticed Dowan
  3706 | D:4      | Killed Duvessa
  3706 | D:4      | Killed Dowan
  3707 | D:4      | Reached XP level 6. HP: 40/48 MP: 4/9
  3792 | D:4      | Reached skill level 4 in Fighting
  4021 | D:4      | Identified the +7 quarterstaff "Citobext" {spect, rF- Int+4
                  | Dex+2}
  4401 | D:4      | Noticed Natasha
  4407 | D:4      | Killed Natasha
  4512 | D:4      | Noticed Natasha
  4517 | D:4      | Killed Natasha
  4518 | D:4      | Reached skill level 1 in Poison Magic
  4518 | D:4      | Gained mutation: You have a pair of small horns on your
                  | head. [demonic ancestry]
  4518 | D:4      | Reached XP level 7. HP: 44/54 MP: 11/11
  4664 | D:4      | Noticed Natasha
  4670 | D:4      | Killed Natasha
  4671 | D:4      | Reached skill level 1 in Air Magic
  5177 | D:5      | Found a runed translucent gate.
  5180 | D:5      | Found a runed translucent gate.
  5180 | D:5      | Found a runed translucent gate.
  5180 | D:5      | Noticed xian's ghost (novice DsAE)
  5180 | D:5      | Noticed concernfroge's ghost (amateur FeTm)
  5182 | D:5      | Noticed Maria's ghost (novice DrTm)
  5184 | D:5      | Noticed coldfrog's ghost (amateur KoBr)
  5234 | D:5      | Reached skill level 1 in Staves
  5649 | D:5      | Gained mutation: You are mostly covered in slimy green
                  | scales. (AC +3) [demonic ancestry]
  5649 | D:5      | Reached XP level 8. HP: 57/61 MP: 13/13
  5808 | D:6      | Found a staircase to the Ecumenical Temple.
  5817 | Temple   | Entered the Ecumenical Temple
  5846 | Temple   | Became a worshipper of Gozag Ym Sagoz the Greedy
  6042 | D:6      | Reached skill level 5 in Fighting
  6119 | D:6      | Killed Blork the orc
  8114 | D:7      | Gained mutation: You have a pair of horns on your head.
                  | [demonic ancestry]
  8114 | D:7      | Reached XP level 9. HP: 51/69 MP: 16/16
  8524 | D:7      | Reached skill level 5 in Dodging
  8677 | D:8      | Learned a level 2 spell: Wereblood
  8727 | D:8      | Reached skill level 6 in Fighting
  8727 | D:8      | Reached skill level 5 in Spellcasting
  8993 | D:8      | Found a staircase to the Lair.
  9110 | D:8      | Reached skill level 7 in Fighting
  9348 | D:8      | Gained mutation: You are completely covered in slimy green
                  | scales. (AC +4, rPois) [demonic ancestry]
  9348 | D:8      | Reached XP level 10. HP: 79/79 MP: 19/19
  9470 | D:8      | Reached skill level 5 in Staves
  9668 | D:8      | Reached skill level 1 in Armour
  9668 | D:8      | Reached skill level 1 in Transmutations
 10232 | D:9      | Found a hazy altar of Hepliaklqana.
 10628 | D:10     | Entered Level 10 of the Dungeon
 10668 | D:10     | Found a staircase to the Orcish Mines.
 11192 | D:10     | Noticed a cyclops
 11199 | D:10     | Killed a cyclops
 11493 | D:11     | Noticed a six-headed hydra
 11505 | D:11     | Killed a six-headed hydra
 11506 | D:11     | Reached skill level 8 in Fighting
 11532 | D:11     | Found a flickering gateway to a bazaar.
 11551 | Bazaar   | Entered a bazaar
 11551 | Bazaar   | Found Cunocuk's Magic Scroll Shoppe.
 11562 | Bazaar   | Found Miev Tia's Armour Emporium.
 11573 | Bazaar   | Found Ysogyoq's Antique Armour Shoppe.
 11724 | Bazaar   | Bought a translucent ring mail for 216 gold pieces
 11724 | Bazaar   | Identified the +1 ring mail "Xysipp" {Harm} (You bought it
                  | in a shop in a bazaar)
 11724 | Bazaar   | Found Leafucwue's Jewellery Emporium.
 11757 | Bazaar   | Found Xuotek's General Store.
 11803 | Bazaar   | Bought the ring "Jyodee" {Int+6 Dex+4} for 616 gold pieces
 11830 | Bazaar   | Bought a scroll of identify for 24 gold pieces
 11830 | Bazaar   | Bought a scroll of blinking for 90 gold pieces
 11830 | Bazaar   | Bought a scroll of teleportation for 36 gold pieces
 11830 | Bazaar   | Bought a scroll of teleportation for 36 gold pieces
 11830 | Bazaar   | Bought a scroll of magic mapping for 90 gold pieces
 11830 | Bazaar   | Bought 2 scrolls of identify for 48 gold pieces
 11871 | D:11     | Noticed Erolcha
 11880 | D:11     | Killed Erolcha
 11881 | D:11     | Gained mutation: You have a pair of large horns on your
                  | head. [demonic ancestry]
 11881 | D:11     | Reached XP level 11. HP: 73/86 MP: 14/21
 11885 | D:11     | Noticed a red ugly thing
 11903 | D:11     | Killed a red ugly thing
 11925 | D:11     | Found a frozen archway.
 11939 | IceCv    | Entered an ice cave
 12100 | IceCv    | Learned a level 3 spell: Summon Guardian Golem
 12134 | IceCv    | Reached skill level 1 in Hexes
 12134 | IceCv    | Reached skill level 1 in Summonings
 13655 | IceCv    | Noticed a reaper
 13685 | IceCv    | Learned a level 3 spell: Call Canine Familiar
 13760 | IceCv    | HP: 4/87 [reaper/+2 scythe of freezing (6)]
 14162 | D:11     | Noticed Urug
 14170 | D:11     | Killed Urug
 14339 | D:11     | Found Uguud's Magic Scroll Boutique.
 14342 | D:11     | Bought a scroll of magic mapping for 105 gold pieces
 14342 | D:11     | Bought a scroll of enchant weapon for 105 gold pieces
 14342 | D:11     | Bought a scroll of enchant armour for 105 gold pieces
 14342 | D:11     | Bought a scroll of teleportation for 42 gold pieces
 14462 | D:12     | Found Mymum's Armour Shop.
 14473 | D:12     | Bought the +1 pair of boots of Divine Compulsion {Contam
                  | rPois Stlth+} for 286 gold pieces
 14649 | D:12     | Found a burning altar of Makhleb.
 14727 | D:12     | Found Azeinoud's Distillery.
 14739 | D:12     | Bought a potion of might for 60 gold pieces
 14739 | D:12     | Bought a potion of heal wounds for 75 gold pieces
 14775 | D:12     | Identified the +9 quarterstaff "Yhikifaq" {speed, +Blink
                  | rF+ rCorr}
 14811 | D:12     | Noticed a skeletal warrior
 14831 | D:12     | Killed a skeletal warrior
 15349 | D:12     | Noticed a skeletal warrior
 15349 | D:12     | Noticed a skeletal warrior
 15375 | D:12     | Noticed a skeletal warrior
 15378 | D:12     | Killed a skeletal warrior
 15393 | D:12     | Killed a skeletal warrior
 15394 | D:12     | Reached skill level 9 in Fighting
 15440 | D:12     | Killed a skeletal warrior
 16034 | D:12     | Gained mutation: You sometimes emit foul miasma when
                  | damaged in melee. [demonic ancestry]
 16034 | D:12     | Reached XP level 12. HP: 80/95 MP: 21/24
 16967 | Lair:1   | Entered Level 1 of the Lair of Beasts
 17088 | Lair:1   | Reached skill level 5 in Armour
 17763 | Lair:2   | Identified the +1 dagger "Colemuc" {pain, *Slow Will+
                  | Int+5}
 17923 | Lair:2   | Found a staircase to the Snake Pit.
 18133 | Lair:2   | Noticed a six-headed hydra
 18139 | Lair:2   | Killed a six-headed hydra
 18500 | Lair:2   | Noticed Harold
 18513 | Lair:2   | Killed Harold
 18514 | Lair:2   | Reached skill level 5 in Hexes
 18514 | Lair:2   | Reached skill level 5 in Summonings
 19266 | Lair:2   | Reached skill level 10 in Fighting
 19266 | Lair:2   | Gained mutation: You frequently emit foul miasma when
                  | damaged in melee. [demonic ancestry]
 19266 | Lair:2   | Reached XP level 13. HP: 50/103 MP: 25/25
 20443 | Lair:3   | Found a staircase to the Shoals.
 21918 | Lair:4   | Found a staircase to the Slime Pits.
 21932 | Lair:4   | HP: 4/104 [oklob plant/splash of acid (11)]
 21939 | Lair:4   | HP: 2/104 [oklob plant/splash of acid (9)]
 22805 | Lair:5   | Entered Level 5 of the Lair of Beasts
 24015 | Lair:5   | Gained mutation: You sometimes gain a little power by
                  | taking damage. [demonic ancestry]
 24015 | Lair:5   | Reached XP level 14. HP: 102/111 MP: 27/27
 24023 | Lair:5   | Reached skill level 11 in Fighting
 24898 | Lair:5   | Reached skill level 10 in Dodging
 25300 | Lair:4   | Reached skill level 10 in Spellcasting
 27696 | Orc:1    | Entered Level 1 of the Orcish Mines
 28194 | Orc:2    | Entered Level 2 of the Orcish Mines
 28195 | Orc:2    | Upgraded the game from 0.29.1-12-g30fa7ad0bf to
                  | 0.29.1-13-g9f3cf754e1
 28206 | Orc:2    | Noticed Azrael
 28833 | Orc:1    | Killed from afar by Azrael

Illustrated notes

Levels and vault maps discovered:
D:1:      dpeg_arrival_stone_temple_mockup, layout_basic,
          chequers_serial_rivers_marsh, minmay_hexomino_f4
D:2:      layout_basic, serial_shops, nicolae_shop_crystal, shop,
          nicolae_shop_window_shopping, palyth_stone_intersect,
          minmay_fractal_squares_gapless_5, uniq_crazy_yiuf_cottage
D:3:      layout_basic, bloody_trog, ebering_ecumenical_altar_petrified
D:4:      layout_basic, uniq_natasha, uniq_duvessa
D:5:      layout_rooms, gammafunk_ghost_cemetery, hangedman_decor_peaks_small,
          nicolae_zen_rock_garden
D:6:      layout_basic, minmay_temple_entry_stoned_glass, kennysheep_potato,
          uniq_blork_the_orc
D:7:      layout_gridville
D:8:      layout_basic, due_lair_maze_entry_diamond
D:9:      layout_rooms, nicolae_hepliaklqana_hazy_memory
D:10:     layout_rooms, erik_orc_3
D:11:     layout_basic, serial_shops, bzr_entry_water, kennysheep_mini,
          portal_ice_cave_entry_pillars_2, uniq_erolcha, uniq_urug
D:12:     minmay_connected_triangles_in_corner, layout_loops_ring, serial_shops,
          nicolae_shop_statue_plus, nicolae_shop_hallway_plus, bloody_makhleb
Temple:   nicolae_temple_bog_church
Lair:1:   layout_misc_corridors
Lair:2:   layout_regular_city, guppyfry_snake_entry_island, grunt_megastairs_5,
          uniq_harold
Lair:3:   layout_chaotic_city, minmay_shoals_entry_lonely_mermaid
Lair:4:   layout_loops_ring, minmay_slime_entry_oklob_open, beast_lair_carwin_9,
          serial_bayou_shore_a
Lair:5:   minmay_lair_end_frog_pond, layout_layer_cave, st_stairs_5,
          serial_bayou_lake_a
Orc:1:    layout_caves, nicolae_orc_tapped_out
Orc:2:    st_orc_elflike, layout_caves, uniq_azrael

Skill      XL: |  1  2  3  4  5  6  7  8  9 10 11 12 13 14 |
---------------+-------------------------------------------+-----
Dodging        | 2 3 4 6 7 8 9 10 | 10.4
Unarmed Combat | 2 |  2.1
Stealth        | 5 |  5.0
Spellcasting   | 1 2 3 4 6 7 8 9 10 | 10.4
Conjurations   | 1 2 3 |  3.0
Fighting       | 4 5 7 8 9 10 11 | 11.6
Poison Magic   | 1 2 3 |  3.0
Air Magic      | 2 3 |  3.0
Staves         | 1 3 4 6 8 9 |  9.8
Armour         | 3 4 5 |  5.0
Transmutations | 3 |  3.4
Hexes          | 3 5 7 8 |  8.1
Summonings     | 3 5 7 8 |  8.2
Short Blades   | |  0.2

Action                   |  1- 3 |  4- 6 |  7- 9 | 10-12 | 13-15 || total
-------------------------+-------+-------+-------+-------+-------++-------
Melee: Mace              |   100 |       |       |       |       ||   100
       Unarmed           |     3 |       |       |       |       ||     3
       Punch             |     4 |       |       |       |       ||     4
       Dagger            |    17 |       |       |       |       ||    17
       Hand axe          |     7 |    60 |     8 |       |       ||    75
       Sling             |       |     1 |       |       |       ||     1
       Quarterstaff      |       |       |   135 |   325 |   424 ||   884
       Headbutt          |       |       |    31 |    92 |   145 ||   268
       Broad axe         |       |       |       |       |    24 ||    24
 Fire: Sling             |       |    51 |    76 |    10 |    20 ||   157
Throw: Dart              |       |     1 |       |     6 |       ||     7
 Cast: Magic Dart        |     7 |     1 |       |     1 |       ||     9
       Mephitic Cloud    |       |     1 |       |     5 |     3 ||     9
       Wereblood         |       |       |     7 |    28 |    50 ||    85
       Summon Guardian G |       |       |       |    55 |     7 ||    62
       Call Canine Famil |       |       |       |     7 |     3 ||    10
Invok: Potion Petition   |       |       |       |       |     2 ||     2
Evoke: Wand              |       |       |     1 |     3 |     3 ||     7
  Use: Scroll            |     6 |       |    11 |    18 |     4 ||    39
       Potion            |     2 |     1 |     1 |     6 |     1 ||    11
 Stab: Sleeping          |     6 |     3 |     5 |     3 |     8 ||    25
       Distracted        |       |       |     5 |    10 |    17 ||    32
       Confused          |       |       |       |     1 |       ||     1
Armor: Leather armour    |    43 |    16 |    51 |    78 |   123 ||   311
Dodge: Dodged            |   172 |    79 |   142 |   230 |   377 ||  1000
